 Dungeon Crawl Stone Soup version 0.16-a0-1301-gf74d490 (webtiles) character file.

1328 Raurakos the Carver (level 8, 0/58 HPs)
             Began as a Formicid Fighter on Oct 15, 2014.
             Was a Believer of Zin.
             Slain by an ice beast (10 damage)
             ... on level 7 of the Dungeon.
             The game lasted 00:29:26 (6403 turns).

Raurakos the Carver (Formicid Fighter)              Turns: 6403, Time: 00:29:27

Health: 0/58       AC: 13    Str: 22    XL:     8   Next: 91%
Magic:  11/11      EV:  6    Int:  7    God:    Zin [**....]
Gold:   225        SH: 10    Dex: 12    Spells: 0 memorised, 7 levels left

rFire  . . .     SeeInvis +     a - +1 long sword (elec)
rCold  . . .     Clarity  .     i - +0 chain mail
rNeg   . . .     SustAb   .     c - +1 shield
rPois  .         Gourm    .     (helmet unavailable)
rElec  .         Spirit   .     f - +0 cloak
rCorr  .         Warding  .     (no gloves)
rMut   .         Stasis   +     (no boots)
MR     .....                    (no amulet)
Stlth  ..........               (no ring)
                                g - +2 ring of protection

@: not resistant to hostile enchantments, extremely unstealthy
A: permanent stasis, dig shafts and tunnels, four strong arms, antennae 3
a: Dig, Shaft Self, Recite, Vitalisation, Renounce Religion


You were on level 7 of the Dungeon.
You worshipped Zin.
Zin was pleased with you.
You were not hungry.

You visited 2 branches of the dungeon, and saw 8 of its levels.

You collected 249 gold pieces.
You donated 24 gold pieces to Zin.

Inventory:

Hand weapons
 a - a +1 long sword of electrocution (weapon)
Missiles
 h - 11 stones (quivered)
Armour
 c - a +1 shield (worn)
 f - a +0 cloak (worn)
 i - a +0 chain mail (worn)
Jewellery
 g - a +2 ring of protection (left hand)
Scrolls
 l - a scroll of fog {unknown}
 m - 5 scrolls of remove curse
 o - 2 scrolls of identify
 r - 3 scrolls of enchant armour
Potions
 e - 3 potions of might
 k - a potion of restore abilities
 n - 3 potions of curing
Comestibles
 b - 2 royal jellies
 d - 4 bread rations
 j - a rotting chunk of worker ant flesh
 p - a rotting chunk of giant newt flesh
 s - 2 meat rations
 t - a rotting chunk of rat flesh
 v - a chunk of iguana flesh


   Skills:
 - Level 3.2 Fighting
 + Level 8.6 Long Blades
 - Level 7.1 Armour
 - Level 3.6 Shields


You had 7 spell levels left.
You didn't know any spells.

Dungeon Overview and Level Annotations

Branches:
Dungeon (7/15)             Temple (1/1) D:4

Altars:
Ashenzari
Cheibriados
Dithmenos
Fedhas
Makhleb
Nemelex Xobeh
Okawaru
Qazlal
Trog
Vehumet
Zin
The Shining One

Annotations:
D:3 exclusion: downstairs
D:4 Vidiiot's ghost, average OpTm
D:5 exclusion: downstairs, Dowan; Duvessa


Innate Abilities, Weirdness & Mutations

Your are under a permanent stasis effect.
You can dig through walls and to a lower floor.
Your four strong arms can wield two-handed weapons with a shield.
You have a pair of large antennae on your head (SInv).


Message History

Press ? for a list of commands and other information.
Drink which item? (? for menu, Esc to quit)
You feel much better. The ice beast hits you. The ice beast freezes you!
* * * LOW HITPOINT WARNING * * *
You block the ogre's attack.
Drink which item? (? for menu, Esc to quit)
You feel much better.
The ice beast hits you but does no damage.
A hobgoblin comes into view. It is wielding a club.
The ogre hits you with a giant club!
The hobgoblin hits you but does no damage.
You hit the ogre.
The ogre is moderately wounded.
The ogre hits you with a giant club!
* * * LOW HITPOINT WARNING * * *
The ice beast hits you.
* * * LOW HITPOINT WARNING * * *
The ice beast freezes you!
You die...

##########
#......Y@#
#......Og#....
#..............
####.#.##...##
#####.....##.#...
#..........#.###.
#....$.....#.#
............#.#
.############.


You could see an ice beast, an ogre and a hobgoblin.

Vanquished Creatures
  2 sky beasts
  A phantom (D:5)
  3 centaurs
  A giant frog (D:5)
  A scorpion (D:5)
  A hound (D:5)
  2 crimson imps
  An orc priest (D:3)
  4 worker ants
  2 iguanas
  A centaur skeleton (D:4)
  2 orc wizards (D:5)
  A sky beast zombie (D:6)
  Ijyb (D:3)
  Terence (D:2)
  9 adders
  A gnoll (D:3)
  A giant mite (D:6)
  4 shadow imps
  5 worms
  2 oozes (D:2)
  14 orcs
  14 bats
  6 giant cockroaches
  9 goblins
  12 hobgoblins
  16 kobolds
  4 quokkas
  2 ball pythons
  4 giant newts
  A gnoll skeleton (D:5)
  A hobgoblin zombie (D:6)
  2 orc skeletons (D:4)
  10 rats
  A rat skeleton (D:4)
142 creatures vanquished.

Notes
Turn   | Place    | Note
--------------------------------------------------------------
     0 | D:1      | Raurakos, the Formicid Fighter, began the quest for the Orb.
     0 | D:1      | Reached XP level 1. HP: 18/18 MP: 1/1
   516 | D:1      | Reached XP level 2. HP: 24/24 MP: 3/3
  1039 | D:2      | Reached XP level 3. HP: 27/29 MP: 4/4
  1237 | D:2      | Reached skill level 4 in Long Blades
  1237 | D:2      | Reached XP level 4. HP: 28/35 MP: 5/5
  1400 | D:2      | Found a glowing golden altar of the Shining One.
  1411 | D:2      | Noticed Terence
  1432 | D:2      | Killed Terence
  2089 | D:2      | Reached XP level 5. HP: 41/41 MP: 7/7
  2284 | D:3      | Found a shadowy altar of Dithmenos.
  2408 | D:3      | Reached skill level 5 in Long Blades
  2788 | D:3      | Reached XP level 6. HP: 47/47 MP: 8/8
  2816 | D:3      | Noticed Ijyb
  2828 | D:3      | Killed Ijyb
  2857 | D:3      | Reached skill level 6 in Long Blades
  3179 | D:3      | Found a burning altar of Makhleb.
  3179 | D:3      | Noticed an Executioner
  3497 | D:4      | Noticed Vidiiot's ghost (average OpTm)
  3644 | D:4      | Found a staircase to the Ecumenical Temple.
  3821 | Temple   | Entered the Ecumenical Temple
  3840 | Temple   | Became a worshipper of Zin the Law-Giver
  3978 | D:4      | Acquired Zin's first power
  4178 | D:4      | Reached XP level 7. HP: 43/52 MP: 9/9
  4261 | D:4      | Reached skill level 7 in Long Blades
  4349 | D:4      | Found an iron altar of Okawaru.
  4601 | D:5      | Entered Level 5 of the Dungeon
  4993 | D:5      | Reached skill level 8 in Long Blades
  5190 | D:5      | Reached XP level 8. HP: 54/58 MP: 11/11
  5273 | D:5      | Found a snail-covered altar of Cheibriados.
  5452 | D:5      | Acquired Zin's second power
  5480 | D:5      | Found a bloodstained altar of Trog.
  5546 | D:5      | Reached skill level 5 in Armour
  6092 | D:6      | Noticed Duvessa
  6092 | D:6      | Noticed a gargoyle
  6094 | D:6      | Noticed Dowan
  6241 | D:6      | Found a stormy altar of Qazlal.
  6393 | D:5      | You fall through a shaft for 2 floors!
  6403 | D:7      | Slain by an ice beast

Action                   |  1- 3 |  4- 6 |  7- 9 || total
-------------------------+-------+-------+-------++-------
Melee: Long sword        |   110 |   313 |   207 ||   630
Throw: Stone             |    13 |     3 |       ||    16
 Abil: Dig               |     2 |     1 |     1 ||     4
       Shaft Self        |       |       |     1 ||     1
  Use: Potion            |       |     1 |     2 ||     3
       Scroll            |       |     8 |     1 ||     9
  Eat: Chunk             |     1 |    11 |     7 ||    19
